 Dungeon Crawl Stone Soup version 0.26.1-11-gd32895ea62 (webtiles) character file.

Game seed: 15646010437042052388

3976 phalm the Blocker (level 10, -5/80 HPs)
             Began as a Formicid Fighter on May 16, 2021.
             Was an Initiate of Cheibriados.
             Slain by a wyvern (6 damage)
             ... while petrified by a basilisk
             ... on level 9 of the Dungeon.
             The game lasted 00:20:54 (8710 turns).

phalm the Blocker (Formicid Fighter)                Turns: 8710, Time: 00:20:55

Health: -5/80      AC: 15    Str: 20    XL:     10   Next: 46%
Magic:  10/10      EV:  2    Int: 10    God:    Cheibriados [......]
Gold:   535        SH:  0    Dex: 11    Spells: 9/9 levels left

rFire    + . .     SeeInvis +   q - +2 flail (drain)
rCold    . . .     Faith    .   c - +0 kite shield
rNeg     + + +     Spirit   .   e - +2 chain mail {rF+}
rPois    ∞         Reflect  .   (helmet unavailable)
rElec    .         Harm     .   l - +0 cloak
rCorr    .         Rampage  .   J - +0 pair of gloves
Will     +....                  (no boots)
Stlth    ..........             (no amulet)
HPRegen  0.23/turn              p - -4 ring of strength (curse)
MPRegen  0.12/turn              Q - ring of stealth

@: petrified, very slow
A: permanent stasis, dig shafts and tunnels, four strong arms, antennae 3
a: Dig, Shaft Self, Renounce Religion, Bend Time


You were on level 9 of the Dungeon.
You worshipped Cheibriados.
Cheibriados was noncommittal.
You visited 2 branches of the dungeon, and saw 10 of its levels.
You also visited: Sewer.

You collected 535 gold pieces.


Innate Abilities, Weirdness & Mutations

You cannot be hasted, slowed, berserked, paralysed or teleported.
You can dig through walls and to a lower floor.
Your four strong arms can wield two-handed weapons with a shield.
You have a pair of large antennae on your head. (SInv)


   Skills:
 + Level 7.9 Fighting
 + Level 6.7 Axes
 - Level 1.2(4.2) Slings
 + Level 5.8(5.9) Throwing
 + Level 7.9 Armour
 + Level 8.6 Shields
 + Level 0.9 Evocations


You had 9 spell levels left.
You didn't know any spells.
Your spell library was empty.

Inventory:

Hand Weapons
 a - a +0 war axe
 b - a +0 hunting sling
   (You found it on level 1 of the Dungeon)
 q - a +2 flail of draining (weapon)
   (You found it on level 2 of the Dungeon)
Missiles
 m - 23 bolts
 t - 5 javelins
 w - 13 poisoned darts
 y - 19 sling bullets
 G - a throwing net {=f!f}
Armour
 c - a +0 kite shield (worn)
 e - a +2 chain mail of fire resistance (worn)
   (You found it on level 1 of the Dungeon)
 l - a +0 cloak (worn)
   (You took it off Maurice on level 8 of the Dungeon)
 J - a +0 pair of gloves (worn)
   (You found it on level 7 of the Dungeon)
Jewellery
 p - a cursed -4 ring of strength (left hand)
   (You found it on level 2 of the Dungeon)
 Q - a ring of stealth (right hand)
   (You found it on level 5 of the Dungeon)
Wands
 D - a wand of acid (6)
   (You found it in a sewer)
 K - a wand of paralysis (3)
   (You took it off Maurice on level 8 of the Dungeon)
Scrolls
 h - 2 scrolls of enchant weapon
 j - a scroll of summoning {unknown}
 n - a scroll of enchant armour
 r - 2 scrolls of amnesia
 v - a scroll of fog
 E - 2 scrolls of brand weapon
 F - a scroll of fear {unknown}
 I - a scroll of magic mapping {unknown}
Potions
 d - 2 potions of might
 f - a potion of lignification {unknown}
 i - a potion of heal wounds {@q2}
 k - a potion of curing {@q1}
 o - 3 potions of flight
 s - a potion of mutation {unknown}
 u - 2 potions of brilliance
 x - a potion of haste {unknown}
 z - a potion of berserk rage {unknown}
 A - a potion of magic {unknown}
 C - a potion of invisibility

Dungeon Overview and Level Annotations

Branches:
Dungeon (9/15)             Temple (1/1) D:5           Sewer (visited)
   Lair: D:8-11         Orc: D:9-12

Altars:
Ashenzari
Cheibriados
Dithmenos
Elyvilon
Fedhas
Gozag
Hepliaklqana
Kikubaaqudgha
Makhleb
Nemelex Xobeh
Okawaru
Qazlal
Ru
Sif Muna
Trog
Uskayaw
Vehumet
Wu Jian
Xom
Yredelemnul
Zin
The Shining One

Shops:
D:4 *   D:8 * ..P... .{ .P.. S. .... ... ...   PPPY SY#

#
..P..##.##.#
#..lY...#
#l#.# #@l#
#.## ##. #.
{ .. { .# {
.# .


You could see 2 yaks, a basilisk, a water moccasin and 2 wyverns.


Message History

You barely miss the wyvern. The wyvern barely misses you.
The iguana barely misses you. You block the wyvern's attack.
The iguana bites you but does no damage.
You sock the wyvern! You drain the wyvern.
The wyvern bites you but does no damage.
You block the iguana's attack. 😕 HP[+1]
You barely miss the wyvern. You block the wyvern's attack.
The iguana barely misses you. The wyvern closely misses you.
You closely miss the wyvern. You block the wyvern's attack.
The iguana bites you but does no damage.
The wyvern bites you! 😕 HP[-9]
You take 9 damage, and now have 67/80 hp.
You hit the wyvern. The iguana closely misses you. The wyvern bites you.
The iguana bites you but does no damage. 😕 HP[-3]
You take 3 damage, and now have 64/80 hp.
You sock the iguana!
You kill the iguana!
Cheibriados appreciates the change of pace.
The wyvern closely misses you. The wyvern bites you. 😮 HP[-6]
You take 6 damage, and now have 58/80 hp.
You sock the wyvern! The wyvern bites you. 😮 HP[-5]
You take 5 damage, and now have 53/80 hp.
The wyvern bites you but does no damage.
The wyvern barely misses you. You block the basilisk's attack.
The wyvern bites you but does no damage.
You block the wyvern's attack. The basilisk closely misses you.
You see here a bullfrog corpse.
Your chain mail prevents you from hitting the wyvern.
A wyvern comes into view.
The wyvern barely misses you. You block the wyvern's attack.
The basilisk barely misses you. The wyvern barely misses you.
A yak comes into view.
The wyvern bites you but does no damage.
The wyvern moves out of view. 😮 HP[+1]
You completely miss the wyvern.
The yak bellows!
You hear an angry hiss. x2; You hear a bellow! x2
A water moccasin comes into view.
The wyvern bites you but does no damage.
The wyvern bites you! The basilisk completely misses you.
You block the wyvern's attack.
The water moccasin moves out of view. 😮 HP[-11]
You take 11 damage, and now have 43/80 hp.
You hit the wyvern. You drain the wyvern.
You kill the wyvern!
Cheibriados appreciates the change of pace.
The wyvern barely misses you. The basilisk gazes at you.
You are slowing down.
The wyvern bites you!
* * * LOW HITPOINT WARNING * * *
A water moccasin comes into view. 😨 HP[-6]
You take 6 damage, and now have 37/80 hp.
The wyvern bites you but does no damage.
The basilisk gazes at you.
You easily resist.
The wyvern bites you.
* * * LOW HITPOINT WARNING * * *
The basilisk gazes at you.
You easily resist.
The wyvern bites you!
* * * LOW HITPOINT WARNING * * *
You have turned to stone.
The wyvern barely misses you. The wyvern bites you.
* * * LOW HITPOINT WARNING * * *
The wyvern bites you!
* * * LOW HITPOINT WARNING * * *
The basilisk bites you but does no damage.
The wyvern bites you!
* * * LOW HITPOINT WARNING * * *
The basilisk bites you but does no damage.
The wyvern bites you.
* * * LOW HITPOINT WARNING * * *
The wyvern barely misses you. The basilisk gazes at you.
You easily resist.
The wyvern bites you.
* * * LOW HITPOINT WARNING * * *
The basilisk gazes at you.
You easily resist.
The wyvern bites you but does no damage.
The wyvern bites you. The basilisk bites you!
* * * LOW HITPOINT WARNING * * *
The wyvern hisses menacingly.
The wyvern bites you but does no damage.
The basilisk bites you but does no damage.
A yak comes into view.
The wyvern bites you!
* * * LOW HITPOINT WARNING * * *
The yak bellows!
The water moccasin hisses angrily.
You hear a bellow! x2
You hear an angry hiss.
The wyvern bites you!
* * * LOW HITPOINT WARNING * * *
The basilisk bites you but does no damage.
The wyvern bites you!
You die...

Skill      XL: |  1  2  3  4  5  6  7  8  9 10 |
---------------+-------------------------------+-----
Shields        | 4 5 6 7 8 |  8.6
Armour         | 4 5 6 7 |  7.9
Fighting       | 4 5 6 7 |  7.9
Slings         | 1 |  1.2
Axes           | 3 4 5 6 |  6.7
Throwing       | 1 2 3 5 |  5.8
Evocations     | |  0.9

Action                   |  1- 3 |  4- 6 |  7- 9 | 10-12 || total
-------------------------+-------+-------+-------+-------++-------
Melee: War axe           |    88 |    37 |    41 |       ||   166
       Flail             |       |   136 |   302 |   142 ||   580
 Fire: Hunting sling     |    16 |    18 |       |       ||    34
 Abil: Dig               |    14 |     1 |       |       ||    15
Evoke: Wand              |       |       |     3 |     1 ||     4
  Use: Scroll            |       |       |     6 |     2 ||     8
       Potion            |       |       |     8 |       ||     8
 Stab: Invisible         |       |       |    10 |       ||    10
Armor: Chain mail        |    60 |   103 |   205 |    71 ||   439
Dodge: Dodged            |    24 |    33 |   128 |    58 ||   243
Block: Kite shield       |    52 |    68 |   232 |    93 ||   445

Levels and vault maps discovered:
D:1:      dpeg_arrival_simpleton_b, layout_basic
D:2:      layout_loops_cross
D:3:      layout_loops_cross
D:4:      layout_basic, serial_shops, shop_fountains, makhleb_altar_promises_db,
          uniq_natasha
D:5:      layout_loops_corners, fiery_altar_vehumet,
          minmay_temple_entry_gardened_gates, gup_sewer_entry_glass,
          minmay_misc_feat_alley, uniq_eustachio
D:6:      layout_gridville, lemuel_crystal_altar, abandoned_shop,
          corexii_leaking_fountain, hangedman_decor_slide_cut,
          okawaru_ov_weapons_minmay
D:7:      layout_rooms, uniq_maggie
D:8:      layout_basic, nicolae_gozag_zags_fifth_avenue,
          amethyst_overflow_temple_binary, uniq_maurice
D:9:      layout_loops_ring, minmay_lair_entry_grove,
          minmay_orc_entry_temple_large, serial_shops,
          nicolae_shop_behind_doors, uniq_grum
Temple:   minmay_crystal_spiral_temple

Notes
Turn   | Place    | Note
-------+----------+-------------------------------------------
     0 | D:1      | phalm the Formicid Fighter began the quest for the Orb.
     0 | D:1      | Reached XP level 1. HP: 18/18 MP: 1/1
     0 | D:1      | magus.rc [v1.9.10]
    67 | D:1      | Reached XP level 2. HP: 24/24 MP: 2/2
   183 | D:1      | Reached XP level 3. HP: 29/29 MP: 3/3
   321 | D:1      | Reached skill level 4 in Shields
   929 | D:2      | Reached XP level 4. HP: 37/37 MP: 4/4
  1323 | D:2      | Reached skill level 4 in Armour
  1438 | D:2      | Reached skill level 4 in Fighting
  1438 | D:2      | Reached XP level 5. HP: 32/42 MP: 5/5
  1877 | D:3      | Reached skill level 1 in Slings
  1892 | D:3      | Reached skill level 3 in Axes
  2526 | D:4      | Found Loefrita's General Store.
  2579 | D:4      | HP: 2/42 [orc priest/divine providence (10)]
  2586 | D:4      | Reached XP level 6. HP: 2/49 MP: 6/6
  2900 | D:4      | Found a burning altar of Makhleb.
  2900 | D:4      | Noticed a balrug
  2903 | D:4      | Noticed an orange demon
  2903 | D:4      | Noticed a smoke demon
  2906 | D:4      | Noticed Natasha
  2921 | D:4      | Killed Natasha
  3000 | D:4      | Reached skill level 1 in Throwing
  3067 | D:4      | Noticed a phantom
  3079 | D:4      | Reached skill level 5 in Shields
  3120 | D:4      | Killed a phantom
  3121 | D:4      | Reached XP level 7. HP: 30/55 MP: 7/7
  3495 | D:4      | Noticed Natasha
  3500 | D:4      | Killed Natasha
  3501 | D:4      | Reached skill level 2 in Throwing
  3591 | D:4      | Reached skill level 5 in Fighting
  3591 | D:4      | Reached skill level 4 in Axes
  3591 | D:4      | Reached skill level 5 in Armour
  3923 | D:5      | Entered Level 5 of the Dungeon
  3923 | D:5      | Found a staircase to the Ecumenical Temple.
  4125 | D:5      | Found a glowing drain.
  4146 | D:5      | Reached XP level 8. HP: 57/62 MP: 8/8
  4168 | Sewer    | Entered a sewer
  4279 | Sewer    | Reached skill level 6 in Shields
  4375 | D:5      | Noticed Eustachio
  4395 | D:5      | Reached skill level 3 in Throwing
  4405 | D:5      | Killed Eustachio
  4665 | Temple   | Entered the Ecumenical Temple
  5107 | D:5      | Reached skill level 6 in Armour
  5225 | D:5      | Reached skill level 6 in Fighting
  5225 | D:5      | Reached skill level 5 in Axes
  5613 | D:5      | Found a radiant altar of Vehumet.
  5656 | D:5      | Reached XP level 9. HP: 61/69 MP: 9/9
  5811 | D:6      | Found an iron altar of Okawaru.
  6112 | D:6      | Reached skill level 4 in Throwing
  6371 | D:6      | You fall into a shaft and drop 1 floor!
  6526 | D:7      | Reached skill level 7 in Shields
  6828 | D:6      | Found a shadowy altar of Dithmenos.
  7209 | D:7      | Noticed Maggie
  7234 | D:7      | Killed Maggie
  7238 | D:7      | Reached skill level 7 in Fighting
  7240 | D:7      | Reached skill level 7 in Armour
  7249 | D:7      | Reached skill level 6 in Axes
  7253 | D:7      | HP: 18/72 [poisoned by a killer bee]
  7258 | D:7      | HP: 10/72 [poisoned by a killer bee]
  7263 | D:7      | HP: 8/72 [killer bee (6)]
  7270 | D:7      | Reached skill level 5 in Throwing
  7938 | D:8      | Reached XP level 10. HP: 79/79 MP: 10/10
  7943 | D:8      | Noticed Maurice
  7958 | D:8      | Killed Maurice
  7959 | D:8      | Reached skill level 8 in Shields
  8391 | D:8      | Found a shimmering blue altar of Sif Muna.
  8399 | D:8      | Found a snail-covered altar of Cheibriados.
  8406 | D:8      | Became a worshipper of Cheibriados the Contemplative
  8500 | D:8      | Found an opulent altar of Gozag.
  8500 | D:8      | Found Gozag's Platinum Reserve.
  8704 | D:9      | HP: 17/80 [wyvern (6)]
  8708 | D:9      | HP: 5/80 [wyvern (5)]
  8709 | D:9      | HP: 1/80 [wyvern (5)]
  8710 | D:9      | Slain by a wyvern

Vanquished Creatures
  Maurice (D:8)
  Maggie (D:7)
  Eustachio (D:5)
  A wyvern (D:9)
  A water moccasin (Sewer)
  2 orc warriors
  A phantom (D:4)
  A necrophage (D:8)
  2 sky beasts
  5 centaurs
  4 ogres
  6 bullfrogs
  A big kobold (D:8)
  6 killer bees (D:7)
  A bullfrog zombie (D:6)
  5 hounds
  2 orc priests
  2 iguanas
  6 orc wizards
  Natasha (twice) (D:4)
  2 worker ants
  A killer bee zombie (D:8)
  2 hound skeletons
  A howler monkey zombie (D:5)
  3 gnolls (D:7)
  2 howler monkey skeletons
  16 adders
  A white imp (D:8)
  An ufetubus (D:8)
  5 worms
  4 dart slugs
  3 leopard geckos
  22 orcs
  2 ball pythons
  6 bats
  5 giant cockroaches
  7 goblins
  9 hobgoblins
  13 jackals
  15 kobolds
  3 quokkas
  8 frilled lizards
  2 leopard gecko zombies
  A quokka skeleton (D:7)
  8 rats
193 creatures vanquished.

Vanquished Creatures (others)
  A fungus (D:9)
  8 plants (D:9)
9 creatures vanquished.

Grand Total: 202 creatures vanquished

Table legend:
 A = Non-vault XP
 B = Vault XP
 C = Vault XP percentage of total XP
 D = Non-vault monster count
 E = Vault monster count
 F = Vault count percentage of total count
                 A         B        C        D         E       F
            +---------+---------+-------+---------+---------+-------
      Total |    4101 |    1580 |  27.8 |     176 |      17 |   8.8
            +---------+---------+-------+---------+---------+-------
        D:1 |      48 |       0 |   0.0 |      26 |       0 |   0.0
        D:2 |      94 |       0 |   0.0 |      23 |       0 |   0.0
        D:3 |      52 |       0 |   0.0 |      19 |       0 |   0.0
        D:4 |     621 |      35 |   5.3 |      19 |       1 |   5.0
        D:5 |     784 |     246 |  23.9 |      24 |       6 |  20.0
        D:6 |     421 |       0 |   0.0 |       8 |       0 |   0.0
        D:7 |     942 |     424 |  31.0 |      30 |       1 |   3.2
        D:8 |    1051 |     485 |  31.6 |      26 |       1 |   3.7
        D:9 |      88 |     229 |  72.2 |       1 |       2 |  66.7
      Sewer |       0 |     161 | 100.0 |       0 |       6 | 100.0
            +---------+---------+-------+---------+---------+-------

Illustrated notes

Table legend:
 A = Kills in this place as a percentage of kills in entire the game.
 B = Kills by you in this place as a percentage of kills by you in the entire game.
 C = Kills by friends in this place as a percentage of kills by friends in the entire game.
 D = Other kills in this place as a percentage of other kills in the entire game.
 E = Experience gained in this place as a percentage of experience gained in the entire game.
 F = Experience gained in this place divided by the number of levels of this place that you have seen.
                   A       B       C       D       E      F
               +-------+-------+-------+-------+-------+----------------------
         Total | 100.0 | 100.0 |   N/A |   N/A | 100.0 | 516.5
       Dungeon |  96.9 |  96.9 |   N/A |   N/A |  97.2 | 613.3
         Sewer |   3.1 |   3.1 |   N/A |   N/A |   2.8 | 161.0
               +-------+-------+-------+-------+-------+----------------------

Table legend: (Time is in decaauts)
 A = Elapsed time spent in this place.
 B = Non-inter-level travel time spent in this place.
 C = Inter-level travel time spent in this place.
 D = Time resting spent in this place.
 E = Time spent auto-exploring this place.
 F = Levels seen in this place.
 G = Mean time per level.
                   A        B        C        D        E       F      G
               +--------+--------+--------+--------+--------+-----+--------+
         Total |   9017 |   8540 |    477 |      0 |   6749 |  11 |  819.7 |
       Dungeon |   8599 |   8207 |    392 |      0 |   6489 |   9 |  955.4 |
        Temple |    212 |    128 |     84 |      0 |    126 |   1 |  212.0 |
         Sewer |    205 |    205 |      0 |      0 |    133 |   1 |  205.0 |
               +--------+--------+--------+--------+--------+-----+--------+

Top non-repeatable levels by time:
     D:4: 1504 daAuts
     D:5: 1423 daAuts
     D:6: 1256 daAuts
     D:2: 941 daAuts
     D:7: 929 daAuts
     D:8: 844 daAuts
     D:1: 838 daAuts
     D:3: 826 daAuts
  Temple: 212 daAuts
   Sewer: 205 daAuts
     D:9: 35 daAuts
